 Dungeon Sprint DCSS version 0.21.1-1-g345015f (webtiles) character file.

2875 Fang the Severer (level 9, 0/96 HPs)
             Began as a Minotaur Berserker on June 4, 2018.
             Was the Champion of Trog.
             Succumbed to a water moccasin's poison
             ... in the Dungeon (Sprint IX: "|||||||||||||||||||||||||||||").
             The game lasted 00:01:59 (553 turns).

Fang the Severer (Minotaur Berserker)                Turns: 553, Time: 00:01:59

Health: 0/96       AC:  2    Str: 25    XL:     9   Next: 47%
Magic:  8/8        EV: 20    Int:  4    God:    Trog [******]
Gold:   9          SH:  0    Dex: 15    Spells: 8/8 levels left

rFire    . . .     SeeInvis .   n - +1 broad axe (freeze)
rCold    . . .     Gourm    .   (no shield)
rNeg     . . .     Faith    .   b - +0 animal skin
rPois    .         Spirit   .   (helmet restricted)
rElec    .         Reflect  .   (no cloak)
rCorr    .         Harm     .   (no gloves)
MR       .....     NoTele   +   (no boots)
Stlth    ++........             (no amulet)
HPRegen  0.26/turn              p - +3 ring of dexterity
MPRegen  0.11/turn              o - +2 ring of evasion

@: lethally poisoned (0 -> -5), berserk cooldown, slowed, very slow
A: retaliatory headbutt, horns 2, thin skeletal structure 1, screaming 1
a: Berserk, Trog's Hand, Brothers in Arms, Burn Spellbooks, Renounce Religion


You were in the Dungeon.
You worshipped Trog.
Trog was exalted by your worship.
You were near starving.

You visited 1 branch You collected 9 gold pieces.

Inventory:

Hand Weapons
 a - a +0 hand axe
 n - a +1 broad axe of freezing (weapon)
Armour
 b - a +0 animal skin (worn)
Jewellery
 o - a +2 ring of evasion (right hand)
 p - a +3 ring of dexterity (left hand)
Wands
 m - a wand of iceblast (10)
Scrolls
 i - 2 scrolls of blinking
 j - 2 scrolls of enchant weapon
 l - 4 scrolls of remove curse
 r - 2 scrolls of enchant armour
 s - a scroll of fog
 t - a scroll of identify
Potions
 d - 5 potions of curing
 e - 9 potions of heal wounds
 f - a potion of haste
 g - 4 potions of magic
 h - 2 potions of berserk rage
 k - a potion of invisibility
Comestibles
 c - a ration


   Skills:
 + Level 14.3 Fighting
 + Level 17.3 Axes
 + Level 7.2 Armour
 + Level 9.5 Dodging
 + Level 1.5 Stealth


You had 8 spell levels left.
You didn't know any spells.

Dungeon Overview and Level Annotations

Branches:
Dungeon (1/1)

Altars:
Cheibriados
Dithmenos
Elyvilon
Fedhas
Gozag
Hepliaklqana
Kikubaaqudgha
Makhleb
Nemelex Xobeh
Okawaru
Qazlal
Ru
Sif Muna
Trog
Uskayaw
Vehumet
Wu Jian
Xom
Yredelemnul
Zin
The Shining One
Beogh
Jiyva
Lugonu


Innate Abilities, Weirdness & Mutations

You reflexively headbutt those who attack you in melee.
You have a pair of horns on your head.
You have a somewhat thin skeletal structure. (Dex +2, Stealth)
You occasionally shout uncontrollably at your foes.


Message History

You slice the water moccasin!! You freeze the water moccasin.
You kill the water moccasin!
Trog accepts your kill.
You are no longer berserk.
You are exhausted.
You feel yourself slow down.
* * * LOW HITPOINT WARNING * * *
You feel sick.
* * * LOW HITPOINT WARNING * * *
You feel sick.
You see here a water moccasin corpse.
* * * LOW HITPOINT WARNING * * *
You feel sick.
You see here a crocodile corpse.
You butcher the crocodile corpse.
* * * LOW HITPOINT WARNING * * *
You feel sick.
Things that are here:
5 chunks of flesh; a crocodile skeleton You die...

▓.▓_▓
▓+▓.▓_▓
▓.▓.▓_▓
▓.▓.▓_▓
▓.▓.▓_▓
▓.▓.▓_▓
▓†▓.▓_▓
▓%▓.▓_▓
▓@▓.▓_▓
▓†▓.▓_▓
▓)▓.▓_▓
▓'▓.▓_▓
▓.▓.▓_▓
▓.▓.▓_▓
▓.▓.▓_▓
▓.▓.▓_▓
▓.▓.▓'▓


There were no monsters in sight!

Vanquished Creatures
  A hydra (D)
  2 cyclopes (D)
  A hippogriff (D)
  A water moccasin (D)
  A porcupine (D)
  An ice beast (D)
  An orc warrior (D)
  A centaur (D)
  2 ogres (D)
  3 crocodiles (D)
  4 bullfrogs (D)
  A jelly (D)
  2 worker ants (D)
  An adder (D)
  A shadow imp (D)
  A bat skeleton (D)
  A goblin (D)
  A hobgoblin (D)
  A ball python (D)
  A frilled lizard (D)
  A giant cockroach zombie (D)
  A kobold (D)
  A rat (D)
31 creatures vanquished.

Notes
Turn   | Place    | Note
-------+----------+-------------------------------------------
     0 | D        | Fang the Minotaur Berserker began the quest for the Orb.
     0 | D        | Reached XP level 1. HP: 19/19 MP: 0/0
     8 | D        | Reached skill level 4 in Axes
     9 | D        | Reached ** piety under Trog
    26 | D        | Noticed an ice beast
    26 | D        | Noticed a worker ant
    26 | D        | Noticed an ogre
    31 | D        | Killed an ogre
    31 | D        | Reached skill level 7 in Axes
    31 | D        | Reached XP level 2. HP: 32/34 MP: 1/1
    31 | D        | Reached XP level 3. HP: 37/39 MP: 2/2
    31 | D        | Reached XP level 4. HP: 44/47 MP: 3/3
    32 | D        | Reached *** piety under Trog
    35 | D        | Reached skill level 8 in Axes
    38 | D        | Killed an ice beast
    38 | D        | Reached skill level 9 in Axes
    38 | D        | Reached XP level 5. HP: 37/56 MP: 4/4
    54 | D        | Found a roughly hewn altar of Beogh.
    54 | D        | Found a snail-covered altar of Cheibriados.
    54 | D        | Found a shadowy altar of Dithmenos.
    54 | D        | Found a white marble altar of Elyvilon.
    54 | D        | Found a blossoming altar of Fedhas.
    54 | D        | Found an opulent altar of Gozag.
    55 | D        | Found a hazy altar of Hepliaklqana.
    56 | D        | Found a viscous altar of Jiyva.
    57 | D        | Found an ancient bone altar of Kikubaaqudgha.
    58 | D        | Found a corrupted altar of Lugonu.
    59 | D        | Found a burning altar of Makhleb.
    60 | D        | Found a sparkling altar of Nemelex Xobeh.
    61 | D        | Found an iron altar of Okawaru.
    62 | D        | Found a stormy altar of Qazlal.
    63 | D        | Found a sacrificial altar of Ru.
    64 | D        | Found a deep blue altar of Sif Muna.
    65 | D        | Found a bloodstained altar of Trog.
    66 | D        | Found a hide-covered altar of Uskayaw.
    67 | D        | Found a radiant altar of Vehumet.
    68 | D        | Found an ornate altar of the Wu Jian Council.
    69 | D        | Found a shimmering altar of Xom.
    70 | D        | Found a basalt altar of Yredelemnul.
    71 | D        | Found a glowing silver altar of Zin.
    72 | D        | Found a glowing golden altar of the Shining One.
   196 | D        | Noticed an orc warrior
   196 | D        | Noticed a centaur
   196 | D        | Noticed an ogre
   198 | D        | Killed an ogre
   198 | D        | Reached **** piety under Trog
   198 | D        | Reached skill level 10 in Axes
   198 | D        | Reached skill level 5 in Armour
   198 | D        | Reached skill level 5 in Dodging
   198 | D        | Reached XP level 6. HP: 66/66 MP: 5/5
   202 | D        | Reached skill level 10 in Fighting
   202 | D        | Reached skill level 11 in Axes
   207 | D        | Killed an orc warrior
   209 | D        | Reached skill level 12 in Axes
   210 | D        | Reached ***** piety under Trog
   260 | D        | Noticed a hippogriff
   260 | D        | Noticed a cyclops
   260 | D        | Noticed a cyclops
   262 | D        | Received a gift from Trog
   263 | D        | Reached XP level 7. HP: 73/73 MP: 6/6
   270 | D        | Killed a cyclops
   270 | D        | Reached skill level 14 in Axes
   270 | D        | Reached XP level 8. HP: 83/83 MP: 7/7
   274 | D        | Killed a cyclops
   274 | D        | Reached skill level 1 in Stealth
   276 | D        | Killed a hippogriff
   276 | D        | Reached skill level 15 in Axes
   522 | D        | Gained mutation: You occasionally shout uncontrollably at your foes. [potion of mutation]
   522 | D        | Gained mutation: You have a somewhat thin skeletal structure. (Dex +2, Stealth) [potion of mutation]
   523 | D        | Noticed a six-headed hydra
   533 | D        | Killed a ten-headed hydra
   533 | D        | Reached skill level 16 in Axes
   533 | D        | Reached XP level 9. HP: 12/94 MP: 8/8
   539 | D        | Reached skill level 17 in Axes
   541 | D        | Received a gift from Trog
   549 | D        | Reached ****** piety under Trog
   550 | D        | HP: 3/96 [poisoned by a water moccasin]
   552 | D        | HP: 1/96 [poisoned by a water moccasin]
   553 | D        | Succumbed to a water moccasin's poison

Skill      XL: |  1  2  3  4  5  6  7  8  9 |
---------------+----------------------------+-----
Fighting       | 7 8 9 10 12 13 14 | 14.3
Axes           | 7 9 10 12 14 16 17 | 17.3
Armour         | 3 4 5 6 7 |  7.2
Dodging        | 3 4 5 6 7 9 |  9.5
Stealth        | 1 |  1.5

Action                   |  1- 3 |  4- 6 |  7- 9 || total
-------------------------+-------+-------+-------++-------
Melee: Hand axe          |    13 |     6 |       ||    19
       Headbutt          |     2 |     4 |    10 ||    16
       Broad axe         |       |    12 |    30 ||    42
Invok: Berserk           |     1 |     2 |     1 ||     4
  Use: Potion            |       |       |     1 ||     1
  Eat: Chunk             |       |       |     1 ||     1
Armor: Animal skin       |       |     2 |     2 ||     4
Dodge: Dodged            |     8 |     6 |    19 ||    33
